 Dungeon Crawl Stone Soup version 0.20.0-10-g0535bb4 (console) character file.

154 jeanjacques the Chopper (level 5, -4/45 HPs)
             Began as a Ghoul Gladiator on June 5, 2017.
             Slain by a gnoll
             ... wielding a +0 spear
              (5 damage)
             ... on level 3 of the Dungeon.
             The game lasted 00:02:46 (1013 turns).

jeanjacques the Chopper (Ghoul Gladiator)           Turns: 1013, Time: 00:02:47

Health: -4/45      AC: 11    Str: 19    XL:     5   Next: 36%
Magic:  4/4        EV:  6    Int:  8    God:
Gold:   89         SH:  0    Dex: 10    Spells: 4/4 levels left

rFire    . . .     SeeInvis .   a - +0 war axe
rCold    + . .     Gourm    .   (no shield)
rNeg     + + +     Faith    .   h - +0 plate armour
rPois    ∞         Spirit   .   i - +0 helmet
rElec    .         Reflect  .   (no cloak)
rCorr    +         Harm     .   (no gloves)
MR       .....                  (no boots)
Stlth    ..........             (no amulet)
Regen    0.0/turn               m - ring of resist corrosion
MPRegen  0.1/turn               (no ring)

@: brilliant, rotting
A: rotting body, claws 1, carnivore 3, cold resistance 1, negative energy
resistance 3, inhibited regeneration, torment resistance, unbreathing
a: no special abilities


You were on level 3 of the Dungeon.
You were not hungry.

You visited 1 branch of the dungeon, and saw 4 of its levels.

You collected 89 gold pieces.

Inventory:

Hand Weapons
 a - a +0 war axe (weapon)
Missiles
 d - 3 throwing nets
 e - 46 stones (quivered)
Armour
 h - a +0 plate armour (worn)
 i - a +0 helmet (worn)
Jewellery
 m - a ring of resist corrosion (left claw)
Scrolls
 g - 2 scrolls of magic mapping {unknown}
 k - 2 scrolls of identify {unknown}
 l - a scroll of remove curse {unknown}
 n - a scroll of teleportation {unknown}
 o - a scroll of enchant weapon {unknown}
 p - a scroll of amnesia {unknown}
Comestibles
 f - 2 meat rations
 j - 3 chunks of flesh {@w1}


   Skills:
 + Level 3.1 Fighting
 - Level 4.4 Axes
 - Level 1.7 Throwing
 + Level 1.9 Armour
 - Level 2.6 Dodging


You had 4 spell levels left.
You didn't know any spells.

Dungeon Overview and Level Annotations

Branches:
Dungeon (4/15)
 Temple: D:4-7

Altars:


Innate Abilities, Weirdness & Mutations

Your body is rotting away.
You thrive on raw meat.
You are immune to poison.
You have sharp fingernails.
You are carnivorous and can eat meat at any time.
Your flesh is cold resistant. (rC+)
You are immune to negative energy. (rN+++)
You do not regenerate when monsters are visible.
You are immune to unholy pain and torment.
You can survive without breathing.


Message History

The gnoll hits you but does no damage.
You hit the gnoll.
You kill the gnoll!
The gnoll closely misses you. The gnoll hits you but does no damage.
The gnoll hits you with a spear.
* * * LOW HITPOINT WARNING * * *
The gnoll hits you with a halberd.
* * * LOW HITPOINT WARNING * * *
Things that are here:
a halberd; a gnoll corpse You closely miss the gnoll. x2; The gnoll barely misses you. x2
Here: a gnoll, wielding a halberd The floor.
Unknown command.
You hit the gnoll.
The gnoll is lightly wounded.
You barely miss the gnoll. The gnoll barely misses you.
The gnoll hits you with a halberd.
* * * LOW HITPOINT WARNING * * *
The gnoll hits you but does no damage.
Okay, then.
Unknown command.
Okay, then.
It was a potion of curing.
You feel better. The gnoll hits you with a halberd.
* * * LOW HITPOINT WARNING * * *
The gnoll hits you but does no damage.
You barely miss the gnoll. x2; The gnoll barely misses you.
The gnoll hits you but does no damage.
Here: a gnoll, wielding a halberd (lightly wounded)
The floor.
Unknown command.
You barely miss the gnoll.
The gnoll is lightly wounded.
You hit the gnoll. The gnoll barely misses you.
The gnoll hits you with a halberd.
* * * LOW HITPOINT WARNING * * *
It was a potion of brilliance.
You feel clever all of a sudden. The gnoll hits you with a spear.
You die...

#.# #.# #.# #.# .
#.# #.# # . #.# #.#
#. .# #.#
##.###.######
..##..
......gg...####
#..# #..# #n......?
...# #..#
##.##.####
.#.#######..###...#
......%.........#.#
##.#######..###...#
##..........# #####
.<.........##
############


You could see 2 gnolls.

Vanquished Creatures
  A bullfrog zombie (D:3)
  A worker ant (D:4)
  A gnoll (D:3)
  6 adders
  A worm (D:2)
  3 dart slugs (D:1)
  2 leopard geckos
  A bat (D:1)
  2 giant cockroaches
  2 goblins (D:1)
  A hobgoblin (D:1)
  A frilled lizard (D:2)
  5 kobolds
  4 rats
31 creatures vanquished.

Notes
Turn   | Place    | Note
-------+----------+-------------------------------------------
     0 | D:1      | jeanjacques the Ghoul Gladiator began the quest for the Orb.
     0 | D:1      | Reached XP level 1. HP: 17/17 MP: 0/0
    34 | D:1      | Reached skill level 3 in Axes
    58 | D:1      | Reached XP level 2. HP: 15/24 MP: 1/1
   185 | D:2      | Reached XP level 3. HP: 16/29 MP: 2/2
   236 | D:2      | Reached skill level 4 in Axes
   262 | D:4      | Reached XP level 4. HP: 35/36 MP: 3/3
   944 | D:2      | Reached skill level 1 in Armour
   983 | D:3      | Reached skill level 3 in Fighting
   983 | D:3      | Reached XP level 5. HP: 24/45 MP: 4/4
  1009 | D:3      | HP: 4/45 [gnoll/halberd (6)]
  1012 | D:3      | HP: 1/45 [gnoll/halberd (6)]
  1013 | D:3      | Slain by a gnoll

Skill      XL: |  1  2  3  4 |
---------------+-------------+-----
Axes           | 3 4 |  4.4
Armour         | 1 |  1.9
Fighting       | 3 |  3.1
Throwing       | |  1.7
Dodging        | |  2.6

Action                   |  1- 3 |  4- 6 || total
-------------------------+-------+-------++-------
Melee: War axe           |    42 |    91 ||   133
  Use: Potion            |       |     2 ||     2
  Eat: Chunk             |    10 |     7 ||    17
Armor: Leather armour    |    12 |       ||    12
       Plate armour      |       |    76 ||    76
Dodge: Dodged            |    28 |    32 ||    60

Table legend:
 A = Turns spent in this place as a percentage of turns spent in the entire game.
 B = Non-inter-level travel turns spent in this place as a percentage of non-inter-level travel turns spent in the entire game.
 C = Inter-level travel turns spent in this place as a percentage of turns spent in this place.
 D = Turns resting spent in this place as a percentage of non-inter-level travel turns spent in this place.
 E = Turns spent auto-exploring this place as a percentage of non-inter-level travel turns spent in this place.
 F = Non-inter-level travel turns spent in this place divided by the number of levels of this place that you've seen.
                   A       B       C       D       E      F
               +-------+-------+-------+-------+-------+----------------------
         Total | 100.0 | 100.0 |   0.6 |   0.0 |   7.8 | 115.8
       Dungeon | 100.0 | 100.0 |   0.6 |   0.0 |   7.8 | 115.8
               +-------+-------+-------+-------+-------+----------------------

Table legend:
 A = Kills in this place as a percentage of kills in entire the game.
 B = Kills by you in this place as a percentage of kills by you in the entire game.
 C = Kills by friends in this place as a percentage of kills by friends in the entire game.
 D = Other kills in this place as a percentage of other kills in the entire game.
 E = Experience gained in this place as a percentage of experience gained in the entire game.
 F = Experience gained in this place divided by the number of levels of this place that you have seen.
                   A       B       C       D       E      F
               +-------+-------+-------+-------+-------+----------------------
         Total | 100.0 | 100.0 |  -nan |  -nan | 100.0 |  55.2
       Dungeon | 100.0 | 100.0 |  -nan |  -nan | 100.0 |  55.2
               +-------+-------+-------+-------+-------+----------------------

Vault maps used:
D:1:      dpeg_arrival_shelter, nrook_mini_vaults, serial_park_tiny_1,
          minmay_misc_feat_roman, serial_park_tiny_2
D:2:      minmay_stone_trees_medium
D:3:      gammafunk_wand_slinger, uniq_jessica
D:4:      nicolae_ru_awakened_eye, minmay_temple_entry_junction_2,
          uniq_blork_the_orc

Action                   |  1- 3 |  4- 6 || total
-------------------------+-------+-------++-------
Melee: War axe           |    42 |    91 ||   133
  Use: Potion            |       |     2 ||     2
  Eat: Chunk             |    10 |     7 ||    17
Armor: Leather armour    |    12 |       ||    12
       Plate armour      |       |    76 ||    76
Dodge: Dodged            |    28 |    32 ||    60
